 Dungeon Crawl Stone Soup version 0.26-a0-639-g72c4674329 (webtiles) character file.

Game seed: 7103617199550874459

70 Peloso the Skirmisher (level 4, 35/35 HPs)
             Began as a Demonspawn Fighter on Sept 18, 2020.
             Got out of the dungeon alive.
             The game lasted 00:03:05 (1717 turns).

Peloso the Skirmisher (Demonspawn Fighter)          Turns: 1717, Time: 00:03:05

Health: 35/35      AC: 10    Str: 18    XL:     4   Next: 3%
Magic:  4/4        EV:  7    Int:  9    God:
Gold:   51         SH:  9    Dex: 12    Spells: 3/3 levels left

rFire    . . .     SeeInvis .   a - +0 long sword
rCold    . . .     Faith    .   c - +0 kite shield
rNeg     . . .     Spirit   .   b - +0 scale mail
rPois    .         Reflect  .   (helmet restricted)
rElec    .         Harm     .   (no cloak)
rCorr    .         Rampage  .   i - +1 pair of gloves
MR       .....                  h - +0 pair of boots
Stlth    ..........             (no amulet)
HPRegen  0.11/turn              (no ring)
MPRegen  0.09/turn              (no ring)

@: no status effects
A: horns 1, powered by death 1, rot immunity
a: no special abilities


You escaped.
You visited 1 branch of the dungeon, and saw 3 of its levels.

You collected 51 gold pieces.

Inventory:

Hand Weapons
 a - a +0 long sword (weapon)
Armour
 b - a +0 scale mail (worn)
 c - a +0 kite shield (worn)
 h - a +0 pair of boots (worn)
 i - a +1 pair of gloves (worn)
Scrolls
 e - 2 scrolls of amnesia {unknown}
 g - a scroll of noise {unknown}
 j - 3 scrolls of identify {unknown}
 l - 2 scrolls of remove curse {unknown}
 m - a scroll of fear {unknown}
 n - a scroll of enchant weapon {unknown}
 o - 2 scrolls of fog {unknown}
 q - a scroll of enchant armour {unknown}
Potions
 d - 2 potions of might
 f - a potion of heal wounds
 k - a potion of lignification {unknown}
 p - a potion of haste {unknown}


   Skills:
 + Level 3.4 Fighting
 + Level 2.5 Long Blades
 + Level 3.0 Armour
 + Level 0.1 Dodging
 + Level 0.3 Stealth
 + Level 3.3 Shields


You had 3 spell levels left.
You didn't know any spells.
Your spell library was empty.

Dungeon Overview and Level Annotations

Branches:
Dungeon (3/15)

Altars:
Dithmenos
Ru
Wu Jian


Innate Abilities, Weirdness & Mutations

You have a pair of small horns on your head.
You regenerate a little health from kills.
You are immune to rotting.


Message History

(D) Dungeon
Where to? (Enter - D:12, ? - help)
What level of the Dungeon? (default 1, ? - help)
You see here a +0 club.
You feel sick.
You see here 11 poisoned darts.
There is a stone staircase leading up here.
You climb upwards.
There is a stone staircase leading down here.
You feel sick.
You feel sick.
You are no longer poisoned.
You see here a war axe.
There is a stone staircase leading up here.
You climb upwards.
There is a stone staircase leading down here.
HP restored.
There is a staircase leading out of the dungeon here.
Are you sure you want to leave the Dungeon?
This will make you lose the game!
You have escaped!

.....#........#...#.......##..#
..####...#######.#######.....##
†.......(# ##.......## #....##
..#####..###.........###.....####
.## ###(.##...........##........#
.####..((#.............#..#######
........##.............##..##
......(#.#........[....#.#..#####
.....)#.........@.........#......
..))...#.#.............#.#.......
........##.............##........
.........#.............#.........
......#..##...........##..#####.#
.....##..###.........###...## #..
....###..# ##.......## #....####.
.#### #..#######.#######..#......
.######.......#...#.......#......


There were no monsters in sight!

Vanquished Creatures
  4 adders
  An ooze (D:1)
  A dart slug (D:2)
  3 bats
  A giant cockroach (D:2)
  3 goblins
  7 hobgoblins
  4 kobolds
  A quokka (D:2)
  5 rats
30 creatures vanquished.

Notes
Turn   | Place    | Note
-------+----------+-------------------------------------------
     0 | D:1      | Peloso the Demonspawn Fighter began the quest for the Orb.
     0 | D:1      | Reached XP level 1. HP: 18/18 MP: 1/1
   186 | D:1      | Gained mutation: You regenerate a little health from kills.
                  | [demonic ancestry]
   186 | D:1      | Reached XP level 2. HP: 24/24 MP: 2/2
   725 | D:2      | Gained mutation: You are immune to rotting. [demonic
                  | ancestry]
   725 | D:2      | Reached XP level 3. HP: 22/29 MP: 3/3
   863 | D:2      | Found a shadowy altar of Dithmenos.
  1079 | D:2      | Found a sacrificial altar of Ru.
  1514 | D:2      | Found an ornate altar of the Wu Jian Council.
  1649 | D:3      | Gained mutation: You have a pair of small horns on your
                  | head. [demonic ancestry]
  1649 | D:3      | Reached XP level 4. HP: 30/35 MP: 4/4
  1717 | D:$      | Got out of the dungeon alive.

Illustrated notes

Levels and vault maps discovered:
D:1:      psy_arrival_dodecagon, layout_rooms
D:2:      layout_loops_ring, lemuel_coloured_pillars_altar, lemuel_doored_altar,
          lemuel_round_altar
D:3:      layout_loops_ring, minmay_ruptured

Skill      XL: |  1  2  3 |
---------------+----------+-----
Long Blades    | 2 |  2.5
Shields        | 3 |  3.3
Armour         | 3 |  3.0
Fighting       | |  3.4
Dodging        | |  0.1
Stealth        | |  0.3

Action                   |  1- 3 |  4- 6 || total
-------------------------+-------+-------++-------
Melee: Long sword        |   112 |     5 ||   117
  Use: Potion            |     2 |       ||     2
Armor: Scale mail        |    76 |     4 ||    80
Dodge: Dodged            |    27 |       ||    27
Block: Kite shield       |    67 |     2 ||    69
       Rpst.: Long sword |    11 |       ||    11

Table legend: (Time is in decaauts)
 A = Elapsed time spent in this place.
 B = Non-inter-level travel time spent in this place.
 C = Inter-level travel time spent in this place.
 D = Time resting spent in this place.
 E = Time spent auto-exploring this place.
 F = Levels seen in this place.
 G = Mean time per level.
                   A        B        C        D        E       F      G
               +--------+--------+--------+--------+--------+-----+--------+
         Total |   1762 |   1659 |    103 |      0 |   1324 |   3 |  587.3 |
       Dungeon |   1762 |   1659 |    103 |      0 |   1324 |   3 |  587.3 |
               +--------+--------+--------+--------+--------+-----+--------+

Top non-repeatable levels by time:
     D:2: 1058 daAuts
     D:1: 671 daAuts
     D:3: 32 daAuts
